Reakly vs Rei

Match 21415286
End
Engineer Squad
Construct Barracks
Riflemen Squad
Riflemen Squad
Riflemen Squad
Riflemen Squad
Infantry Support Center
M1 Mortar Team
Grenade Package
Construct Medical Station
Selects Advanced Infantry Battlegroup
Selects Convert to Ranger Squad
M1918 Browning Automatic Rifles
Munitions Surplus
Construct Motor Pool
Selects Artillery Observers
M24 Chaffee Light Tank
Selects Designate Assault Position
Selects Ranger Weapon Training
M1 Anti-tank Gun Team
Selects M2A1 105mm Howitzer Emplacement
Riflemen Squad
M8 Greyhound Armored Car
Riflemen Squad
M1 Anti-tank Gun Team
Riflemen Squad
Rei
Reakly
0
0

Comments sign in to comment!

No comments posted yet!